General information
			
			
        
        - name: BNet
 
        - type: Ladder 1vs1/FFA
 
        - host: Battle.net
 
        - saver: hoofuinDANUtz
 
        
map: GnollWood 
        - players: 2
 
        - length: 38:03
 
        - speed: Fast
 - version: 1.22 W3XP
 - replay type:  Public
 
» download(132 KB)
Players
        team 1 (winner) 
              
              
» 
hoofuinDANUtz (
purple | 130 APM | 4935 actions | 38:03)
              
 5 Blademaster 
 3 Wind Walk
 2 Critical Strike
 5 Shadow Hunter 
 2 Hex
 3 Healing Wave
 
                » actions 
                
                | Assign group hotkey | 1039 |  | 
| Basic commands | 59 |  | 
| Build / train | 133 |  | 
| ESC pressed | 17 |  | 
| Enter build submenu | 39 |  | 
| Enter hero's abilities submenu | 10 |  | 
| Give item / drop item | 14 |  | 
| Right click | 2032 |  | 
| Select / deselect | 365 |  | 
| Select group hotkey | 1016 |  | 
| Use ability | 211 |  | 
                4935 total
 » units 
                
                | Peon | 24 |  | 
| Grunt | 8 |  | 
| Raider | 15 |  | 
| Troll Batrider | 18 |  | 
| Kodo Beast | 2 |  | 
                67 total
 » upgrades
                
                | Berserker Strength | 1 |  | 
| Ensnare | 1 |  | 
| Reinforced Defenses | 1 |  | 
| Liquid Fire | 1 |  | 
| Armor | 4 |  | 
| Melee Weapons | 4 |  | 
| War Drums Damage Increase | 1 |  | 
| Pillage | 1 |  | 
                14 total
 » buildings
                
                | Altar of Storms | 1 |  | 
| Orc Burrow | 11 |  | 
| Barracks | 1 |  | 
| Voodoo Lounge | 1 |  | 
| Stronghold | 3 |  | 
| Beastiary | 6 |  | 
| Great Hall | 9 |  | 
| War Mill | 1 |  | 
| Fortress | 1 |  | 
| Watch Tower | 2 |  | 
| Tauren Totem | 2 |  | 
| Spirit Lodge | 1 |  | 
                39 total
 » build order
                00:08 Altar of Storms
00:18 Orc Burrow
00:35 Barracks
01:26 Voodoo Lounge
01:59 Orc Burrow
02:50 Stronghold
02:50 Stronghold
02:51 Stronghold
03:50 Orc Burrow
05:22 Beastiary
07:52 Great Hall
08:09 Orc Burrow
10:26 War Mill
10:28 Fortress
11:20 Great Hall
12:15 Beastiary
15:58 Orc Burrow
16:15 Great Hall
17:19 Great Hall
19:56 Great Hall
21:57 Orc Burrow
21:57 Orc Burrow
22:41 Great Hall
25:18 Great Hall
25:54 Watch Tower
26:01 Watch Tower
27:59 Tauren Totem
27:59 Tauren Totem
28:04 Spirit Lodge
31:04 Orc Burrow
31:04 Orc Burrow
31:05 Orc Burrow
31:05 Orc Burrow
32:55 Great Hall
33:08 Beastiary
33:10 Beastiary
33:13 Beastiary
33:16 Beastiary
36:47 Great Hall
» items
                
                | Circlet of Nobility | 2 |  | 
| Healing Salve | 4 |  | 
| Boots of Speed | 1 |  | 
| Lesser Clarity Potion | 4 |  | 
| Scroll of Speed | 1 |  | 
| Potion of Healing | 4 |  | 
| Scroll of Town Portal | 4 |  | 
| Potion of Lesser Invulnerability | 4 |  | 
| Scroll of Healing | 3 |  | 
| Dust of Appearance | 1 |  | 
| Orb of Lightning | 1 |  | 
| Periapt of Vitality | 1 |  | 
| Potion of Mana | 1 |  | 
| Potion of Invisibility | 1 |  | 
                32 total
  
               team 2 (loser) 
              
              
TeK-9_Snitches (
green | 55 APM | 2102 actions | 38:01)
              
 4 Death Knight 
 2 Death Coil
 2 Unholy Aura
 4 Lich 
 2 Frost Nova
 2 Frost Armor
 2 Crypt Lord 
 1 Impale
 1 Spiked Carapace
 
                » actions 
                
                | Basic commands | 1 |  | 
| Build / train | 80 |  | 
| Enter build submenu | 19 |  | 
| Enter hero's abilities submenu | 11 |  | 
| Give item / drop item | 1 |  | 
| Remove unit from queue | 5 |  | 
| Right click | 1047 |  | 
| Select / deselect | 788 |  | 
| Use ability | 150 |  | 
                2102 total
 » units 
                
                | Acolyte | 8 |  | 
| Ghoul | 3 |  | 
| Crypt Fiend | 11 |  | 
| Obsidian Statue | 3 |  | 
| Frost Wyrm | 1 |  | 
| Abomination | 4 |  | 
                30 total
 » upgrades
                
                | Burrow | 1 |  | 
| Creature Attack | 2 |  | 
| Destroyer Form | 1 |  | 
| Web | 1 |  | 
| Disease Cloud | 1 |  | 
| Unholy Armor | 2 |  | 
| Unholy Strength | 1 |  | 
                9 total
 » buildings
                
                | Graveyard | 1 |  | 
| Crypt | 1 |  | 
| Altar of Darkness | 1 |  | 
| Ziggurat | 8 |  | 
| Tomb of Relics | 2 |  | 
| Halls of the Dead | 1 |  | 
| Nerubian Tower | 1 |  | 
| Slaughterhouse | 1 |  | 
| Black Citadel | 2 |  | 
| Sacrificial Pit | 1 |  | 
| Spirit Tower | 3 |  | 
| Boneyard | 1 |  | 
                23 total
 » build order
                00:07 Graveyard
00:11 Crypt
00:41 Altar of Darkness
00:58 Ziggurat
01:23 Tomb of Relics
02:00 Ziggurat
03:01 Ziggurat
03:29 Halls of the Dead
05:09 Nerubian Tower
07:04 Ziggurat
07:22 Slaughterhouse
08:49 Ziggurat
09:24 Tomb of Relics
10:24 Black Citadel
10:25 Black Citadel
10:37 Sacrificial Pit
11:58 Ziggurat
13:09 Spirit Tower
13:34 Spirit Tower
13:44 Spirit Tower
15:07 Boneyard
16:33 Ziggurat
21:11 Ziggurat
» items
                
                | Rod of Necromancy | 2 |  | 
| Dust of Appearance | 4 |  | 
| Potion of Healing | 1 |  | 
| Scroll of Town Portal | 3 |  | 
| Potion of Lesser Invulnerability | 1 |  | 
| Scroll of Healing | 1 |  | 
| Orb of Corruption | 1 |  | 
                13 total
  
                Chat log
          
(24:21 / All) TeK-9_Snitches: lol mh
(25:37 / All) TeK-9_Snitches: attack?
(29:50 / All) TeK-9_Snitches: jsut fight mne
(30:13 / All) TeK-9_Snitches: fight?
(31:13 / All) TeK-9_Snitches: fight me jesus
(31:56 / All) TeK-9_Snitches: ww fight
(33:13 / All) TeK-9_Snitches: why dont u just fight me>
(33:18 / All) TeK-9_Snitches: u won anyway
(34:37 / All) TeK-9_Snitches: no fight?
(37:16 / All) TeK-9_Snitches: whers ur sh?